 Dungeon Crawl Stone Soup version 0.29.1-15-g9cfb28693d (webtiles) character file.

Game seed: 7807954581082124140

9 protoss039 the Digger (level 2, 20/20 HPs)
             Began as a Demonspawn Earth Elementalist on Mar 13, 2023.
             Got out of the dungeon alive.
             The game lasted 00:00:39 (704 turns).

protoss039 the Digger (DsEE)                         Turns: 704, Time: 00:00:40

Health: 20/20      AC:  2    Str:  8    XL:     2   Next: 3%
Magic:  5/5        EV: 12    Int: 16    God:
Gold:   19         SH:  4    Dex: 13    Spells: 4/5 levels left

rFire   . . .      SeeInvis .   e - +0 short sword
rCold   . . .      Faith    .   (no shield)
rNeg    . . .      Spirit   .   a - +0 robe
rPois   .          Reflect  .   (no helmet)
rElec   .          Harm     .   (no cloak)
rCorr   .          Rampage  .   (no gloves)
Will    .....                   (no boots)
Stlth   ++........              (no amulet)
HPRegen 0.06/turn               (no ring)
MPRegen 0.09/turn               (no ring)

@: no status effects
A: condensation shield
a: no special abilities


You escaped.
You visited 1 branch of the dungeon, and saw 1 of its levels.

You collected 19 gold pieces.

Inventory:

Hand Weapons
 e - a +0 short sword (weapon)
Armour
 a - a +0 robe (worn)
Scrolls
 c - a scroll of identify {unknown}
 f - a scroll of enchant armour {unknown}
Potions
 b - a potion of magic
 d - a potion of resistance
 g - a potion of curing {unknown}


   Skills:
 + Level 0.9 Fighting
 - Level 1.7 Dodging
 - Level 1.7 Stealth
 + Level 2.2 Spellcasting
 - Level 0.8 Transmutations
 + Level 2.9 Earth Magic


You had 4 spell levels left.
You knew the following spells:

 Your Spells              Type           Power      Damage    Failure   Level
a - Sandblast             Erth           22%        2d7       6%          1

Your spell library contained the following spells:

 Spells                   Type           Power      Damage    Failure   Level
 Passwall                 Tmut/Erth      5%         N/A       14%         2
 Stone Arrow              Conj/Erth      12%        3d7       32%         3
 Petrify                  Tmut/Erth      7%         N/A       67%         4


Dungeon Overview and Level Annotations

Branches:
Dungeon (1/15) Zot: 5290

Altars:


Innate Abilities, Weirdness & Mutations

A meltable shield of frost defends you. (SH +4)


Message History

You barely miss the giant cockroach.
The giant cockroach is almost dead.
The giant cockroach misses you.
Your magical contamination has completely faded away.
Unknown command.
You hit the giant cockroach.
The giant cockroach is almost dead.
The giant cockroach closely misses you. x2
Unknown command.
You barely miss the giant cockroach.
The giant cockroach is almost dead.
The giant cockroach barely misses you.
Unknown command.
You hit the giant cockroach.
You kill the giant cockroach!
You have reached level 2!
Your demonic ancestry asserts itself...
Frost condenses into a shield before you.
No target in view!
Magic restored.
g - an amethyst potion
There is an open door here.
Key pressed, stopping travel.
You can't go up here!
Unknown command.
(D) Dungeon
Where to? (Enter - D:1 @ (x,y), ? - help)
You see here a +0 spear.
There is a staircase leading out of the dungeon here.
Are you sure you want to leave the Dungeon?
This will make you lose the game! [Y]es or [N]o only, please.
Are you sure you want to leave the Dungeon?
This will make you lose the game! [Y]es or [N]o only, please.
Are you sure you want to leave the Dungeon?
This will make you lose the game!
Alright, then stay!
Unknown command.
Unknown command.
Unknown command.
Are you sure you want to leave the Dungeon?
This will make you lose the game!
You have escaped! #.# #.# #.# #.# ####.#### ........# ........################## ........PPPPPPPPPPPPPPPPP# ........PPPPPP..@..PPPPPP# ####.###PPPP..PPPPP..PPPP# #.# #PPP.PPP...PPP.PPP# ###.###PPP.PP.PPP.PP.PPP#

#....##PP.PP.PP.PP.PP.PP#
#....##PP.P.PP.P.PP.P.PP#
#....##PP.P.P.PPP.P.P.PP#
#....##PP.P.PP.P.PP.P.PP#
#....##PP)PP.PP.PP.PP.PP#


There were no monsters in sight!

Vanquished Creatures
  A giant cockroach (D:1)
  A goblin (D:1)
  A hobgoblin (D:1)
  2 kobolds (D:1)
  4 bats (D:1)
9 creatures vanquished.

Notes
Turn   | Place    | Note
-------+----------+-------------------------------------------
     0 | D:1      | protoss039 the Demonspawn Earth Elementalist began the
                  | quest for the Orb.
     0 | D:1      | Reached XP level 1. HP: 13/13 MP: 3/3
    28 | D:1      | Found a faded altar of an unknown god.
   540 | D:1      | Gained mutation: A meltable shield of frost defends you.
                  | (SH +4) [demonic ancestry]
   540 | D:1      | Reached XP level 2. HP: 19/20 MP: 0/5
   704 | D:$      | Got out of the dungeon alive.

Illustrated notes

Levels and vault maps discovered:
D:1:      roderic_crop_circles_arrival_small, layout_basic,
          hellmonk_ecumenical_altar_run_dry

Action                   || total
-------------------------++-------
Melee: Short sword       ||    19
       Unarmed           ||     1
 Cast: Sandblast         ||     9
  Use: Potion            ||     2
Armor: Robe              ||    13
Dodge: Dodged            ||    32
